 Dungeon Crawl Stone Soup version 0.19.1 (webtiles) character file.

4 RKaid the Firebug (level 1, -1/11 HPs)
             Began as an Octopode Fire Elementalist on Dec 25, 2016.
             Slain by a jackal (3 damage)
             ... on level 1 of the Dungeon.
             The game lasted 00:00:41 (69 turns).

RKaid the Firebug (Octopode Fire Elementalist)        Turns: 69, Time: 00:00:42

Health: -1/11      AC:  1    Str:  7    XL:     1   Next: 60%
Magic:  1/3        EV: 13    Int: 17    God:
Gold:   0          SH:  0    Dex: 12    Spells: 1 memorised, 3 levels left

rFire  . . .     SeeInvis .     (no weapon)
rCold  . . .     Gourm    .     (no shield)
rNeg   . . .     Faith    .     (helmet restricted)
rPois  .         Spirit   .     (no amulet)
rElec  .         Reflect  .     (no ring)
rCorr  .         Harm     .     (no ring)
MR     .....                    (no ring)
Stlth  +++.......               (no ring)
                                (no ring)
                                (no ring)
                                (no ring)
                                (no ring)

@: no status effects
A: almost no armour, stealthy swim, amphibious, 8 rings, constrict 8, camouflage
1, gelatinous body 1
a: no special abilities


You were on level 1 of the Dungeon.
You were not hungry.

You visited 1 branch of the dungeon, and saw 1 of its levels.

Inventory:

Potions
 c - a potion of resistance {unknown}
Books
 a - a book of Flames
Comestibles
 b - a bread ration


   Skills:
 - Level 2.0 Dodging
 - Level 2.6 Stealth
 + Level 2.0 Spellcasting
 + Level 1.2 Conjurations
 + Level 3.2 Fire Magic


You had 3 spell levels left.
You knew the following spells:

 Your Spells              Type           Power        Failure   Level  Hunger
a - Flame Tongue          Conj/Fire      #....        10%         1    #......


Dungeon Overview and Level Annotations

Branches:
Dungeon (1/15)

Altars:


Innate Abilities, Weirdness & Mutations

You cannot wear most types of armour.
You are very stealthy in the water. (Stealth+)
You are amphibious.
You can wear up to eight rings at the same time.
You can use your tentacles to constrict eight enemies at once.
Your skin changes colour to match your surroundings (Stealth+).
Your rubbery body absorbs attacks. (AC +1, EV +1)


Message History

Welcome, RKaid the Octopode Fire Elementalist.
Will you prevail where others failed? Will you find the Orb of Zot?
Press ? for a list of commands and other information.
Found a throwing net and an emerald potion.
Found a staircase leading out of the dungeon.
c - an emerald potion A jackal comes into view.
A jackal is nearby!
A jackal comes into view.
A jackal comes into view.
Okay, then.
The jackal barks!
A jackal comes into view.
The jackal barks!
Okay, then.
Casting: Flame Tongue
Confirm with . or Enter, or press ? or * to list all spells.
Aiming: Flame Tongue
Press: ? - help, Shift-Dir - straight line, f - jackal
Aim: a jackal The flame tongue hits the jackal.
Casting: Flame Tongue
Confirm with . or Enter, or press ? or * to list all spells.
Aiming: Flame Tongue
Press: ? - help, Shift-Dir - straight line, f/p - jackal
Aim: a jackal (severely wounded)
The flame tongue hits the jackal.
You kill the jackal!
You start resting.
The jackal barks! x3
You see here a jackal corpse.
Casting: Flame Tongue
Confirm with . or Enter, or press ? or * to list all spells.
Aiming: Flame Tongue
Press: ? - help, Shift-Dir - straight line, f - jackal
Aim: a jackal The flame tongue misses the jackal.
The jackal bites you. x2
Casting: Flame Tongue
Confirm with . or Enter, or press ? or * to list all spells.
Aiming: Flame Tongue
Press: ? - help, Shift-Dir - straight line, f/p - jackal
Aim: a jackal The flame tongue hits the jackal.
You kill the jackal!
Casting: Flame Tongue
Confirm with . or Enter, or press ? or * to list all spells.
Aiming: Flame Tongue
Press: ? - help, Shift-Dir - straight line, f - jackal
Aim: a jackal The flame tongue misses the jackal.
The jackal bites you. The jackal completely misses you.
A kobold comes into view. It is wielding an enchanted dagger.
The jackal bites you.
* * * LOW HITPOINT WARNING * * *
The jackal closely misses you.
The kobold shouts!
The kobold throws a stone.
The stone hits you but does no damage.
You see here a stone.
You closely miss the jackal. Your grab misses the jackal.
The jackal misses you. The jackal completely misses you.
You tentacle-slap the jackal but do no damage.
Your grab misses the jackal. The jackal barely misses you.
You closely miss the jackal. Your grab misses the jackal.
You squeeze the jackal.
You kill the jackal!
The kobold throws a stone.
The stone closely misses you.
The stone hits the jackal but does no damage.
The jackal bites you.
You die...

#..#....<....#..
..#...........#..
.#####.....#####.
...(..#...#.....
.......#.#......
####....#....###
##.......##
##.....#############
##........h@.K....#
####.##############.#
#....# #†####
####†##.# #
.....#..#.#
.####.....# #h..#....
#......# #


You could see a jackal and a kobold.

Vanquished Creatures
  3 jackals (D:1)
3 creatures vanquished.

Notes
Turn   | Place    | Note
-------+----------+-------------------------------------------
     0 | D:1      | RKaid the Octopode Fire Elementalist began the quest for the Orb.
     0 | D:1      | Reached XP level 1. HP: 11/11 MP: 3/3
    62 | D:1      | HP: 1/11 [jackal (3)]
    69 | D:1      | Slain by a jackal

Action                   || total
-------------------------++-------
Melee: Unarmed           ||     3
       Tentacles         ||     1
 Cast: Flame Tongue      ||     5
Dodge: Dodged            ||     6

Vault maps used:
D:1:      scummos_arrival_star

Table legend:
 A = Turns spent in this place as a percentage of turns spent in the entire game.
 B = Non-inter-level travel turns spent in this place as a percentage of non-inter-level travel turns spent in the entire game.
 C = Inter-level travel turns spent in this place as a percentage of turns spent in this place.
 D = Turns resting spent in this place as a percentage of non-inter-level travel turns spent in this place.
 E = Turns spent auto-exploring this place as a percentage of non-inter-level travel turns spent in this place.
 F = Non-inter-level travel turns spent in this place divided by the number of levels of this place that you've seen.
                   A       B       C       D       E      F
               +-------+-------+-------+-------+-------+----------------------
         Total | 100.0 | 100.0 |   0.0 |   4.4 |   4.4 |  45.0
       Dungeon | 100.0 | 100.0 |   0.0 |   4.4 |   4.4 |  45.0
               +-------+-------+-------+-------+-------+----------------------

Table legend:
 A = Kills in this place as a percentage of kills in entire the game.
 B = Kills by you in this place as a percentage of kills by you in the entire game.
 C = Kills by friends in this place as a percentage of kills by friends in the entire game.
 D = Other kills in this place as a percentage of other kills in the entire game.
 E = Experience gained in this place as a percentage of experience gained in the entire game.
 F = Experience gained in this place divided by the number of levels of this place that you have seen.
                   A       B       C       D       E      F
               +-------+-------+-------+-------+-------+----------------------
         Total | 100.0 | 100.0 |  -nan |  -nan | 100.0 |   6.0
       Dungeon | 100.0 | 100.0 |  -nan |  -nan | 100.0 |   6.0
               +-------+-------+-------+-------+-------+----------------------
